 Dungeon Crawl Stone Soup version 0.28.0-53-g5a82cb258f (webtiles) character file.

Game seed: 2690529032263559678

1234 Ashen the Ogre Mage (level 8, -12/79 HPs)
             Began as an Ogre Ice Elementalist on June 18, 2022.
             Mangled by an orc warrior
             ... wielding a +0 scimitar
              (16 damage)
             ... on level 5 of the Dungeon.
             The game lasted 00:13:45 (7919 turns).

Ashen the Ogre Mage (Ogre Ice Elementalist)         Turns: 7919, Time: 00:13:46

Health: -12/79     AC:  3    Str: 13    XL:     8   Next: 48%
Magic:  15/15      EV: 10    Int: 18    God:
Gold:   298        SH:  0    Dex:  9    Spells: 4/17 levels left

rFire   . . .      SeeInvis .   j - +2 short sword (venom)
rCold   . . .      Faith    .   (no shield)
rNeg    . . .      Spirit   .   a - +0 robe
rPois   .          Reflect  .   (helmet restricted)
rElec   .          Harm     .   (no cloak)
rCorr   .          Rampage  .   (gloves unavailable)
Will    .....                   (boots unavailable)
Stlth   ++........              (no amulet)
HPRegen 0.23/turn               (no ring)
MPRegen 0.14/turn               (no ring)

@: about to teleport, weak-willed
A: large, unfitting armour, tough skin 1
a: no special abilities


You were on level 5 of the Dungeon.
You visited 1 branch of the dungeon, and saw 6 of its levels.

You collected 325 gold pieces.
You spent 27 gold pieces at shops.

Inventory:

Hand Weapons
 j - a +2 short sword of venom (weapon)
 r - a +0 giant club
Armour
 a - a +0 robe (worn)
Jewellery
 h - a ring of resist corrosion
 i - a ring of flight
 o - an amulet of guardian spirit
Wands
 n - a wand of flame (18)
Scrolls
 d - 2 scrolls of teleportation
 e - 2 scrolls of vulnerability
 l - a scroll of enchant armour
Potions
 b - a potion of attraction {unknown}
 c - 2 potions of degeneration {unknown}
 f - 4 potions of curing {unknown}
 k - a potion of heal wounds {unknown}
 m - 4 potions of berserk rage {unknown}
 p - 2 potions of cancellation {unknown}


   Skills:
 + Level 4.9 Fighting
 + Level 3.3 Maces & Flails
 + Level 4.1 Dodging
 + Level 3.6 Stealth
 + Level 5.2 Spellcasting
 - Level 5.0 Ice Magic


You had 4 spell levels left.
You knew the following spells:

 Your Spells              Type           Power      Damage    Failure   Level
a - Freeze                Ice            88%        1d10      1%          1
b - Frozen Ramparts       Ice            44%        1d6       4%          3
c - Ozocubu's Armour      Ice            22%        N/A       4%          3
d - Hailstorm             Conj/Ice       13%        3d5       43%         4
e - Searing Ray           Conj           8%         2d4       21%         2

Your spell library contained the following spells:

 Spells                   Type           Power      Damage    Failure   Level
 Apportation              Tloc           8%         N/A       13%         1
 Magic Dart               Conj           16%        1d3       13%         1
 Fulminant Prism          Conj/Hex       2%         3d6       78%         4
 Alistair's Intoxication  Tmut/Pois      2%         N/A       98%         5
 Iskenderun's Battlesphe  Conj           4%         2d6       98%         5
 Iron Shot                Conj/Erth      2%         9d2       100%        6
 Spellforged Servitor     Conj/Summ      2%         N/A       100%        7


Dungeon Overview and Level Annotations

Branches:
Dungeon (6/15)
 Temple: D:4-7

Altars:
Makhleb
Ru
Sif Muna
Uskayaw

Shops:
D:2 (   D:5 *


Innate Abilities, Weirdness & Mutations

You are too large for most types of armour.
You have tough skin. (AC +1)


Message History

You climb upwards.
There is a stone staircase leading down here.
You see here 25 stones.
The orc warrior hits you with a +0 scimitar!
* * * LOW HITPOINT WARNING * * *
Okay, then.
The orc warrior hits you with a +0 scimitar!!
* * * LOW HITPOINT WARNING * * *
You see here a +0 robe.
The orc warrior pulls the alarm!
The alarm trap emits a blaring wail!
A sentinel's mark forms upon you.
There is an entrance to Himeikk's Assorted Antiques here.
The sentinel's mark upon you fades away.
You see here a +0 robe.
The orc warrior hits you with a +0 scimitar!
* * * LOW HITPOINT WARNING * * *
You see here a +0 robe.
You see here a +0 robe.
You see here a +0 robe.
You see here a +0 robe.
Casting: Freeze (safe; 1% risk of failure)
Confirm with . or Enter, or press ? or * to list all spells.
Okay, then.
As you read the scroll labelled FICUOLAUNE, it crumbles to dust.
It is a scroll of identify.
l - a scroll of enchant armour
As you read the scroll labelled QILITE YGEFI, it crumbles to dust.
The scroll dissolves into smoke.
It was a scroll of fog.
The orc warrior barely misses you.
As you read the scroll labelled XUIREA IRANO, it crumbles to dust.
Magic quickly surges around you.
It was a scroll of vulnerability.
The orc warrior closely misses you.
As you read the scroll labelled INOTHR HIECKAM, it crumbles to dust.
You feel strangely unstable.
It was a scroll of teleportation.
The orc warrior hits you with a +0 scimitar!
* * * LOW HITPOINT WARNING * * *
You hit the orc warrior but do no damage.
The orc warrior hits you with a +0 scimitar!
You die...

#.....# #.# #......#
#.....#####.######.##.#.#
#.....>..................
##..###############.##.#.#
#.....≈§≈..≈#.........(...
#####....§§..._.##.........#.#
####.....#..§§§≈..≈##.####.####.#
...'.....#.#########.....#......#
####.....### #.#@####.##.#..####.
.......#.#####.#o#...[<#...∩# #.
.......#...)...#§##.#.#####.# #.
######.#######.#....#.......#####
...............########..........
######.#####...........(.......##
#..<..#.#..........######(#
###.#.#.#<......##.# #.#
#...#.#.#.#..##.#########.##


You could see an orc warrior (weak-willed).

Vanquished Creatures
  Duvessa (D:4)
  A sky beast (D:5)
  3 ogres (D:5)
  A necrophage (D:5)
  A centaur (D:6)
  A scorpion (D:5)
  Dowan (D:4)
  A jelly (D:5)
  6 hounds
  An orc priest (D:4)
  A centaur skeleton (D:5)
  Terence (D:3)
  An iguana (D:5)
  An orc wizard (D:4)
  An adder (D:2)
  7 gnolls
  2 ufetubi
  2 adder skeletons
  A worm (D:2)
  A dart slug (D:3)
  6 orcs
  9 ball pythons
  6 bats
  5 endoplasms
  2 goblins
  9 hobgoblins
  2 jackals (D:4)
  6 quokkas
  5 frilled lizards
  7 kobolds
  3 rats (D:1)
95 creatures vanquished.

Vanquished Creatures (others)
  4 toadstools (D:1)
4 creatures vanquished.

Grand Total: 99 creatures vanquished

Notes
Turn   | Place    | Note
-------+----------+-------------------------------------------
     0 | D:1      | Ashen the Ogre Ice Elementalist began the quest for the
                  | Orb.
     0 | D:1      | Reached XP level 1. HP: 16/16 MP: 3/3
   196 | D:1      | Found a faded altar of an unknown god.
   263 | D:1      | Reached XP level 2. HP: 25/26 MP: 3/5
   499 | D:1      | Reached skill level 1 in Fighting
  1249 | D:2      | Found Ehemala's Weapon Emporium.
  1316 | D:2      | Reached XP level 3. HP: 33/33 MP: 7/7
  1846 | D:2      | Learned a level 3 spell: Frozen Ramparts
  1850 | D:2      | Learned a level 3 spell: Ozocubu's Armour
  2278 | D:3      | Found a hide-covered altar of Uskayaw.
  2292 | D:3      | Reached skill level 1 in Maces & Flails
  2292 | D:3      | Reached XP level 4. HP: 36/41 MP: 8/8
  2565 | D:3      | Reached XP level 5. HP: 45/49 MP: 6/9
  3209 | D:3      | Noticed Terence
  3252 | D:3      | Killed Terence
  3414 | D:3      | Found a burning altar of Makhleb.
  3798 | D:4      | Noticed Duvessa
  3823 | D:4      | Noticed Dowan
  4029 | D:4      | Found a sacrificial altar of Ru.
  4392 | D:4      | Reached XP level 6. HP: 48/59 MP: 11/11
  4912 | D:4      | Killed Duvessa
  4913 | D:4      | Reached XP level 7. HP: 58/67 MP: 6/12
  4978 | D:4      | Killed Dowan
  5575 | D:5      | Entered Level 5 of the Dungeon
  5580 | D:5      | Found Himeikk's Assorted Antiques.
  5588 | D:5      | Bought a scroll labelled QILITE YGEFI for 27 gold pieces
  6632 | D:5      | Found a shimmering blue altar of Sif Muna.
  6637 | D:5      | Learned a level 4 spell: Hailstorm
  6640 | D:5      | Learned a level 2 spell: Searing Ray
  6686 | D:5      | Reached XP level 8. HP: 35/78 MP: 14/14
  7173 | D:5      | Reached skill level 5 in Ice Magic
  7279 | D:5      | Reached skill level 5 in Spellcasting
  7801 | D:5      | HP: 3/79 [orc warrior/+0 scimitar (24)]
  7842 | D:5      | HP: 1/79 [orc warrior/+0 scimitar (12)]
  7919 | D:5      | Mangled by an orc warrior

Illustrated notes

Levels and vault maps discovered:
D:1:      saegor_arrival_simple_a, layout_loops_corners,
          shapermc_ecumenical_altar_rom_forum, minmay_gold_behind_fungi
D:2:      layout_loops_ring, serial_shops,
          nicolae_shop_competitors_out_of_business
D:3:      layout_basic, marbit_many_paths, general_overflow_altar,
          minmay_fractal_squares_5, uniq_terence
D:4:      layout_layer_cave, kennysheep_mini, minmay_misc_feat_cross,
          uniq_duvessa
D:5:      layout_basic, pf_just_have_faith, serial_shops, shop
D:6:      layout_loops_corners, minmay_temple_entry_butterflies

Skill      XL: |  1  2  3  4  5  6  7  8 |
---------------+-------------------------+-----
Dodging        | 2 3 4 |  4.1
Fighting       | 1 2 3 4 |  4.9
Maces & Flails | 1 2 3 |  3.3
Stealth        | 2 3 |  3.6
Spellcasting   | 3 4 5 |  5.2
Ice Magic      | 4 5 |  5.0

Action                   |  1- 3 |  4- 6 |  7- 9 || total
-------------------------+-------+-------+-------++-------
Melee: Unarmed           |     6 |       |       ||     6
       Club              |     8 |       |       ||     8
       Mace              |     6 |     2 |    14 ||    22
       Short sword       |     3 |   111 |    51 ||   165
       Punch             |       |     1 |     3 ||     4
       Giant club        |       |       |    31 ||    31
 Cast: Freeze            |    39 |     6 |    21 ||    66
       Frozen Ramparts   |       |     9 |     6 ||    15
       Ozocubu's Armour  |       |     7 |     5 ||    12
  Use: Scroll            |       |       |     4 ||     4
 Stab: Sleeping          |       |     3 |     1 ||     4
Armor: Robe              |    17 |    37 |    35 ||    89
Dodge: Dodged            |    34 |    69 |    71 ||   174
